 Dungeon Crawl Stone Soup version 0.31-a0-246-g8cbcc1cb85 (webtiles) character file.

Game seed: 694959676847628008

84 qw the Shooter (level 4, -4/36 HPs)
             Began as a Minotaur Hexslinger on July 12, 2023.
             Slain by Jessica
             ... wielding a +0 club
              (5 damage)
             ... on level 3 of the Dungeon.
             The game lasted 00:00:29 (1438 turns).

qw the Shooter (Minotaur Hexslinger)                Turns: 1438, Time: 00:00:30

Health: -4/36      AC:  5    Str: 13    XL:     4   Next: 23%
Magic:  4/4        EV: 11    Int: 10    God:
Gold:   103        SH:  0    Dex: 14    Spells: 4/5 levels left

rFire   . . .        Y - +1 sling
rCold   . . .        (no shield)
rNeg    . . .        e - +0 ring mail
rPois   .            (helmet restricted)
rElec   .            (no cloak)
rCorr   .            (no gloves)
SInv    .            (no boots)
Will    .....        (no amulet)
Stlth   +            (no ring)
HPRegen 0.26/turn    (no ring)
MPRegen 0.09/turn

%: no passive effects
@: lethally poisoned (-4 -> -6)
A: horns 2, retaliatory headbutt
a: no special abilities


You were on level 3 of the Dungeon.
You visited 1 branch of the dungeon, and saw 3 of its levels.

You collected 103 gold pieces.


Innate Abilities, Weirdness & Mutations

You have a pair of horns on your head.
You reflexively headbutt those who attack you in melee.


   Skills:
 - Level 2.0 Fighting
 + Level 4.4 Ranged Weapons
 - Level 1.4 Armour
 - Level 2.1 Dodging
 - Level 1.0 Spellcasting
 - Level 2.0 Hexes


You had 4 spell levels left.
You knew the following spells:

 Your Spells              Type           Power      Damage    Failure   Level
a - Slow                  Hex            16%        N/A       32%         1

Your spell library contained the following spells:

 Spells                   Type           Power      Damage    Failure   Level
 Inner Flame              Hex/Fire       2%         N/A       82%         3
 Portal Projectile        Hex/Tloc       4%         N/A       82%         3
 Cause Fear               Hex            2%         N/A       97%         4

Inventory:

Hand Weapons
 Y - a +1 sling (weapon)
Armour
 e - a +0 ring mail (worn)
Potions
 d - a potion of curing {unknown}
 f - 2 potions of might

Dungeon Overview and Level Annotations

Branches:
Dungeon (3/15)

Altars:

Annotations:
D:3 Jessica


Message History

You are poisoned.
The adder poisons you!
Jessica casts a spell.
Jessica seems to speed up.
The giant cockroach bites you but does no damage.
The adder barely misses you. You furiously retaliate!
You headbutt the adder. You shoot a sling bullet.
The sling bullet hits the adder.
The adder is heavily wounded.
You feel sick. The giant cockroach misses you.
The adder bites you but does no damage. The giant cockroach closely misses you.
The adder bites you.
You are more poisoned.
The adder poisons you!
You shoot a sling bullet. The sling bullet hits the adder.
The adder is almost dead.
You feel sick. Jessica gestures at you while chanting.
Pain shoots through your body! The giant cockroach barely misses you.
You furiously retaliate!
You headbutt the giant cockroach.
Jessica zaps a wand.
The puff of flame hits you. The adder barely misses you.
You furiously retaliate!
You headbutt the adder.
You kill the adder!
Jessica barely misses you. The giant cockroach barely misses you.
Your Armour skill increases to level 1!
You shoot a sling bullet.
The sling bullet hits the giant cockroach but does no damage.
The giant cockroach is moderately wounded.
You feel sick.
Jessica zaps a wand.
The puff of flame misses you. The giant cockroach barely misses you.
Jessica hits you with a +0 club. The frilled lizard barely misses you.
You furiously retaliate!
You headbutt the frilled lizard.
You kill the frilled lizard!
You shoot a sling bullet.
The sling bullet hits the giant cockroach.
You kill the giant cockroach!
You feel sick.
Jessica zaps a wand.
The puff of flame hits you!
You shoot a sling bullet.
The sling bullet completely misses Jessica.
You feel sick. Jessica hits you with a +0 club.
You die...

#.).# ###..#
##....#
######..##.#
##......##..#
####..#######.##
##....## ##.#
###..#### #..###
...<## #.@).#
##.## #@%%......
#. #....####( ##
.....# .......
..$.$..##
........#
..$.##..>.


You could see Jessica (fast).

Vanquished Creatures
  3 adders
  A dart slug (D:2)
  An orc (D:3)
  4 ball pythons
  7 endoplasms
  2 giant cockroaches
  3 goblins
  3 hobgoblins
  2 jackals (D:3)
  3 quokkas
  6 bats
  3 frilled lizards
  5 kobolds
  8 rats
51 creatures vanquished.

Notes
Turn   | Place    | Note
-------+----------+-------------------------------------------
     0 | D:1      | qw the Minotaur Hexslinger began the quest for the Orb.
     0 | D:1      | Reached XP level 1. HP: 16/16 MP: 1/1
     0 | D:1      | 0 ||| qw: Version: 0.3-a-52-g30416fa
     0 | D:1      | 0 ||| qw: Game counter: 6253
     0 | D:1      | 0 ||| qw: Melee chars always use a shield: true
     0 | D:1      | 0 ||| qw: God list: Okawaru
     0 | D:1      | 0 ||| qw: Allow faded altars: false
     0 | D:1      | 0 ||| qw: Do Orc after clearing Dungeon:15 true
     0 | D:1      | 0 ||| qw: Do second Lair branch before Depths: true
     0 | D:1      | 0 ||| qw: Lair rune preference: random
     0 | D:1      | 0 ||| qw: Goals: Normal
     0 | D:1      | 0 ||| PLANNING D:1-11
   181 | D:1      | Reached skill level 3 in Ranged Weapons
   183 | D:1      | Reached XP level 2. HP: 23/23 MP: 2/2
   786 | D:1      | 786 ||| READING scroll labelled JEMIED LEKKOFE.
   787 | D:1      | 787 ||| READING scroll labelled YMEOT FYN ELE.
   788 | D:1      | 788 ||| DROPPING scroll of poison.
   871 | D:2      | Reached XP level 3. HP: 29/29 MP: 3/3
  1061 | D:2      | Reached skill level 4 in Ranged Weapons
  1370 | D:2      | 1370 ||| UPGRADING to +0 ring mail.
  1380 | D:2      | 1380 ||| DROPPING +0 robe.
  1381 | D:2      | 1381 ||| READING scroll labelled KIUFESHR EGHEM.
  1382 | D:2      | 1382 ||| READING 3 scrolls labelled YFIOME TUNNU.
  1383 | D:2      | 1383 ||| READING scroll labelled QUYVOK MAAMIU.
  1384 | D:2      | 1384 ||| DRINKING 3 sedimented pink potions.
  1385 | D:2      | 1385 ||| DROPPING 2 scrolls of revelation.
  1421 | D:3      | Reached XP level 4. HP: 36/36 MP: 4/4
  1429 | D:3      | Noticed Jessica
  1436 | D:3      | Reached skill level 1 in Armour
  1436 | D:3      | HP: 9/36 [Jessica/+0 club (2)]
  1437 | D:3      | HP: 2/36 [Jessica/puff of flame (7)]
  1438 | D:3      | Slain by Jessica

Levels and vault maps discovered:
D:1:      dpeg_cavernosity, layout_rooms, minmay_misc_feat_secret_circle
D:2:      layout_loops_ring, serial_bayou_crossing
D:3:      layout_rooms, uniq_jessica

Skill      XL: |  1  2  3  4 |
---------------+-------------+-----
Ranged Weapons | 3 4 |  4.4
Fighting       | 2 |  2.0
Armour         | 1 |  1.4
Dodging        | |  2.1
Spellcasting   | |  1.0
Hexes          | |  2.0

Action                     |  1- 3 |  4- 6 || total
---------------------------+-------+-------++-------
   Fire: Sling             |   102 |    14 ||   116
    Use: Scroll            |     5 |       ||     5
         Potion            |     1 |       ||     1
 Armour: Robe              |     2 |       ||     2
         Ring mail         |     1 |     4 ||     5
  Dodge: Dodged            |    26 |    16 ||    42

Table legend:
 A = Non-vault XP
 B = Vault XP
 C = Vault XP percentage of total XP
 D = Non-vault monster count
 E = Vault monster count
 F = Vault count percentage of total count
                 A         B        C        D         E       F
            +---------+---------+-------+---------+---------+-------
      Total |     114 |       6 |   5.0 |      47 |       4 |   7.8
            +---------+---------+-------+---------+---------+-------
        D:1 |      30 |       6 |  16.7 |      19 |       4 |  17.4
        D:2 |      55 |       0 |   0.0 |      19 |       0 |   0.0
        D:3 |      29 |       0 |   0.0 |       9 |       0 |   0.0
            +---------+---------+-------+---------+---------+-------
